[Event "5th EKA IIFL Investment 2019"]
[Site "Mumbai"]
[Date "2020.01.02"]
[Round "4.38"]
[White "Priyanka, Kumari"]
[Black "Konguvel, Ponnuswamy"]
[Result "0-1"]
[ECO "B35"]
[WhiteElo "1874"]
[BlackElo "2367"]
[Annotator "RC"]
[PlyCount "81"]
[EventDate "2019.12.30"]
[EventType "swiss"]
[EventCountry "IND"]
[SourceTitle "playchess.com"]
[Source "ChessBase"]
[SourceQuality "1"]
[TimeControl "40/5400+30:1800+30"]

1. e4 c5 2. Nf3 Nc6 3. d4 cxd4 4. Nxd4 g6 5. Nc3 Bg7 6. Be3 Nf6 7. Bc4 O-O 8. Bb3 d6 9. h3 Na5 10. O-O b6 11. Re1 Bb7 12. Bg5 Nxb3 13. axb3 h6 14. Bh4 Qd7 15. Qd3 Nh5 16. Rad1 Rfe8 17. Nd5 e6 18. Nc3 a6 19. Nde2 d5 20. g4 g5 21. Bg3 Nxg3 22. Nxg3 d4 23. Nce2 Rad8 24. c3 f5 25. f3 Qc7 26. c4 Be5 27. Kg2 fxe4 28. fxe4 Rf8 29. Rf1 Bxg3 30. Nxg3 Rf4 31. Rxf4 gxf4 32. Nh1 e5 33. Nf2 Qe7 34. Qf3 Qh4 35. Rd3 Kf7 36. Kf1 Ke6 37. Rd2 Rg8 38. b4 Rc8 39. c5 Bc6 40. Qb3+ Ke7 41. Kg2 0-1

[Event "5th EKA IIFL Investment 2019"]
[Site "Mumbai"]
[Date "2020.01.02"]
[Round "4.40"]
[White "Anuj Shrivatri"]
[Black "Ojas Kulkarni"]
[Result "1-0"]
[ECO "A34"]
[WhiteElo "2348"]
[BlackElo "2246"]
[Annotator "ChessBase"]
[PlyCount "75"]
[EventDate "2019.12.30"]
[EventType "swiss"]
[EventCountry "IND"]
[SourceTitle "playchess.com"]
[Source "ChessBase"]
[SourceQuality "1"]
[TimeControl "40/5400+30:1800+30"]

1. Nf3 Nf6 2. c4 c5 3. Nc3 d5 4. cxd5 Nxd5 5. e4 Nb4 6. Bc4 Nd3+ 7. Ke2 Nf4+ 8. Kf1 Ne6 9. b4 g6 10. bxc5 Bg7 11. Bb2 O-O 12. h4 Nc6 13. h5 Nxc5 14. d4 Nd7 15. hxg6 hxg6 16. d5 Nce5 17. Be2 Nxf3 18. gxf3 e5 19. d6 Nb6 20. Nb5 Bd7 21. Nc7 Rc8 22. a4 Bc6 23. a5 Nd7 24. Ba3 Qf6 25. a6 Rfd8 26. axb7 Bxb7 27. Qa4 Bf8 28. Rd1 Nb8 29. Qxa7 Bc6 30. Qe3 Bb7 31. Rd2 Bxd6 32. Ne8 Rxe8 33. Rxd6 Qg7 34. Qb3 Ba8 35. Bc4 Rc6 36. Bxf7+ Qxf7 37. Rh8+ Kg7 38. Rh7+ 1-0

[Event "5th EKA IIFL Investment 2019"]
[Site "Mumbai"]
[Date "2020.01.02"]
[Round "4.41"]
[White "Madjidov, Jasur"]
[Black "Bharat Kumar Reddy Poluri"]
[Result "0-1"]
[ECO "D38"]
[WhiteElo "2136"]
[BlackElo "2337"]
[Annotator "RC"]
[PlyCount "144"]
[EventDate "2019.12.30"]
[EventType "swiss"]
[EventCountry "IND"]
[SourceTitle "playchess.com"]
[Source "ChessBase"]
[SourceQuality "1"]
[TimeControl "40/5400+30:1800+30"]

1. Nf3 d5 2. d4 e6 3. c4 Nf6 4. Nc3 Bb4 5. cxd5 exd5 6. Bg5 h6 7. Bxf6 Qxf6 8. Qb3 Nc6 9. e3 O-O 10. Be2 Be6 11. O-O a6 12. Nxd5 Qd8 13. Bc4 Bd6 14. Qc3 Bxd5 15. Bxd5 Bxh2+ 16. Nxh2 Qxd5 17. Qb3 Qxb3 18. axb3 Na7 19. Rfc1 Nb5 20. Nf3 Rad8 21. Ne5 Rfe8 22. Nd3 Re7 23. Nc5 c6 24. g3 Rd5 25. Kg2 Nd6 26. Rh1 Ne4 27. Nxe4 Rxe4 28. Rac1 Kf8 29. Rc3 Ke7 30. Ra1 Rb5 31. Ra4 h5 32. Ra1 g6 33. Ra4 Re6 34. Ra1 Rd6 35. Ra4 Rdd5 36. Rac4 Rb6 37. Ra4 Rdb5 38. Ra3 g5 39. e4 f5 40. exf5 Kf6 41. Re3 Rxf5 42. Ra1 Rb4 43. Rae1 Rxd4 44. Re7 Rb5 45. R1e6+ Kf5 46. Re3 Rd6 47. Rf7+ Kg6 48. Ree7 b6 49. f3 Rf6 50. Rh7 Rxb3 51. g4 hxg4 52. fxg4 Rxb2+ 53. Kg3 Re6 54. Reg7+ Kf6 55. Rf7+ Ke5 56. Rf5+ Kd4 57. Rd7+ Kc4 58. Rxg5 a5 59. Rf5 a4 60. Rf4+ Kb5 61. Ra7 Rb4 62. Rf5+ c5 63. Kh4 Rg6 64. Rg5 Rxg5 65. Kxg5 Rb1 66. Kf6 Rf1+ 67. Ke5 Rg1 68. Kf5 c4 69. g5 c3 70. Rc7 a3 71. Rxc3 a2 72. Rb3+ Kc6 0-1

[Event "5th EKA IIFL Investment 2019"]
[Site "Mumbai"]
[Date "2020.01.02"]
[Round "4.42"]
[White "Sahoo, Utkal Ranjan"]
[Black "Wagh Suyog"]
[Result "1/2-1/2"]
[ECO "D31"]
[WhiteElo "2329"]
[BlackElo "2219"]
[Annotator "ChessBase"]
[PlyCount "81"]
[EventDate "2019.12.30"]
[EventType "swiss"]
[EventCountry "IND"]
[SourceTitle "playchess.com"]
[Source "ChessBase"]
[SourceQuality "1"]
[TimeControl "40/5400+30:1800+30"]

1. d4 d5 2. c4 e6 3. Nc3 c6 4. cxd5 exd5 5. Nf3 Bf5 6. Bf4 Bd6 7. Qd2 Ne7 8. h3 O-O 9. g4 Bxf4 10. Qxf4 Be6 11. Qd2 c5 12. e3 Nbc6 13. Bg2 Ng6 14. dxc5 Qa5 15. O-O Qxc5 16. Ne2 Qe7 17. Ned4 h5 18. gxh5 Nh4 19. Nxh4 Qxh4 20. Kh2 Nxd4 21. Qxd4 Qxh5 22. Rac1 Rac8 23. Rg1 Qf5 24. f4 b6 25. Qd2 Rfd8 26. a3 Re8 27. Rxc8 Rxc8 28. Rc1 Rxc1 29. Qxc1 Qd3 30. Bf1 Qe4 31. Qd2 Qf5 32. Bg2 Kh8 33. Qc3 Kg8 34. Qc7 Qd3 35. Qe5 g6 36. Kg3 Qe2 37. Qc3 Qd1 38. Kf2 Qh5 39. Kg3 Qd1 40. Kf2 Qh5 41. Kg3 1/2-1/2

[Event "5th EKA IIFL Investment 2019"]
[Site "Mumbai"]
[Date "2020.01.02"]
[Round "4.43"]
[White "Rathnakaran, K.."]
[Black "Parnali, S Dharia"]
[Result "1/2-1/2"]
[ECO "C50"]
[WhiteElo "2322"]
[BlackElo "2102"]
[Annotator "ChessBase"]
[PlyCount "111"]
[EventDate "2019.12.30"]
[EventType "swiss"]
[EventCountry "IND"]
[SourceTitle "playchess.com"]
[Source "ChessBase"]
[SourceQuality "1"]
[TimeControl "40/5400+30:1800+30"]

1. e4 e5 2. Nf3 Nc6 3. Bc4 Nf6 4. d3 Bc5 5. c3 a6 6. Bb3 Ba7 7. Be3 d6 8. Nbd2 Qe7 9. Nf1 Be6 10. Bxa7 Nxa7 11. Ne3 O-O-O 12. c4 Kb8 13. a4 c6 14. Qc2 Ng4 15. a5 Rhf8 16. Ba4 Nxe3 17. fxe3 f5 18. h3 fxe4 19. dxe4 d5 20. cxd5 Qb4+ 21. Qc3 Qxc3+ 22. bxc3 cxd5 23. O-O dxe4 24. Ng5 Bf5 25. Bb3 Rf6 26. Bc2 Nb5 27. Bxe4 Bxe4 28. Nxe4 Rc6 29. Rf7 Rc4 30. Ng5 Rxc3 31. Rxg7 h5 32. e4 Nd4 33. Rh7 Ne2+ 34. Kh2 Nf4 35. Ra2 Rdc8 36. Nf7 R3c7 37. Rd2 h4 38. Ng5 Rc2 39. Rhd7 R8c5 40. Nf3 Rxd2 41. Rd6 Rd3 42. Rxd3 Rxa5 43. Rd2 Ra4 44. Nxh4 Ne6 45. g3 Rd4 46. Nf3 Rxe4 47. h4 Re3 48. Ng1 a5 49. Rd6 Nd4 50. h5 Rc3 51. Rd8+ Kc7 52. Ra8 Rc2+ 53. Kh3 Rc1 54. Kg2 Rc2+ 55. Kh3 Rc1 56. Kh2 1/2-1/2

[Event "5th EKA IIFL Investment 2019"]
[Site "Mumbai"]
[Date "2020.01.02"]
[Round "4.45"]
[White "Shiva Pavan Teja Sharma U"]
[Black "Krishnater Kushager"]
[Result "0-1"]
[ECO "B33"]
[WhiteElo "2072"]
[BlackElo "2308"]
[Annotator "NA"]
[PlyCount "69"]
[EventDate "2019.12.30"]
[EventType "swiss"]
[EventCountry "IND"]
[SourceTitle "playchess.com"]
[Source "ChessBase"]
[SourceQuality "1"]
[TimeControl "40/5400+30:1800+30"]

1. e4 c5 2. Nf3 Nc6 3. d4 cxd4 4. Nxd4 Nf6 5. Nc3 e5 6. Ndb5 d6 7. Bg5 a6 8. Na3 b5 9. Nd5 Be7 10. Bxf6 Bxf6 11. c3 Bg5 12. Be2 O-O 13. Nc2 Ne7 14. Nxe7+ {[%emt 0:05:03] B33: Sicilian: Pelikan and Sveshnikov Variations} Qxe7 15. O-O Bb7 16. Qd3 (16. Bf3 $11) 16... d5 17. exd5 Rad8 18. Ne3 (18. c4 bxc4 19. Qa3 Qc7 20. Rfd1 Bxd5 21. Qxa6 Ra8 {1-0 (72) Tukhaev,A (2527)-Carlsen,M (2835) St Petersburg 2018}) 18... e4 19. Qd4 f5 20. Rad1 $146 (20. Bd1 $17 {was called for.}) ({Predecessor:} 20. Rfd1 Bf4 21. g3 Be5 22. Nxf5 Rxf5 23. Qxe4 Rxf2 {1-0 (34) Kilian,R (2279)-Achenbach,V Ruhrgebiet 1998}) 20... f4 21. d6 Qf7 22. a4 $19 (22. Qc5 fxe3 23. fxe3) 22... f3 23. gxf3 Bxe3 24. Qxe3 Qg6+ 25. Kh1 exf3 26. Bc4+ bxc4 27. Rg1 Qf7 28. Qd4 Rfe8 29. h3 Re4 30. Qb6 Qd7 31. Rg3 Rg4 32. Kg1 Re8 33. Qc7 Bc6 34. Qxd7 Bxd7 35. Rd3 0-1

[Event "5th EKA IIFL Investment 2019"]
[Site "Mumbai"]
[Date "2020.01.02"]
[Round "4.48"]
[White "Mohite, Ranveer"]
[Black "Kavinda, Akila"]
[Result "1/2-1/2"]
[ECO "B06"]
[WhiteElo "2281"]
[BlackElo "2022"]
[Annotator "ChessBase"]
[PlyCount "94"]
[EventDate "2019.12.30"]
[EventType "swiss"]
[EventCountry "IND"]
[SourceTitle "playchess.com"]
[Source "ChessBase"]
[SourceQuality "1"]
[TimeControl "40/5400+30:1800+30"]

1. e4 g6 2. d4 Bg7 3. Nc3 d6 4. Be3 a6 5. Qd2 b5 6. h4 h6 7. O-O-O Bb7 8. Kb1 Nd7 9. h5 g5 10. f4 gxf4 11. Bxf4 c5 12. Nf3 b4 13. Nd5 cxd4 14. Nxd4 Bxd4 15. Qxd4 e5 16. Qxb4 Bxd5 17. exd5 exf4 18. Qxd6 Qb8 19. Qa3 Qb6 20. Bd3 Qc5 21. Qa4 Ngf6 22. Bf5 Rb8 23. Rhe1+ Kd8 24. Qxf4 Qb4 25. Qc1 Nc5 26. c3 Qa3 27. Re2 Re8 28. Re4 Re6 29. Rxe6 Ne8 30. b4 Qxc1+ 31. Kxc1 Na4 32. Kc2 Nd6 33. g4 Nb6 34. Rd4 Nbc4 35. Bd3 Rc8 36. Bxc4 Rxc4 37. Kd3 Rxd4+ 38. Kxd4 f5 39. g5 hxg5 40. h6 Nf7 41. h7 g4 42. Ke3 g3 43. Kf3 Ng5+ 44. Kxg3 Nxh7 45. Kf4 Nf6 46. c4 Nd7 47. Kxf5 Nb6 1/2-1/2

[Event "5th EKA IIFL Investment 2019"]
[Site "Mumbai"]
[Date "2020.01.02"]
[Round "4.49"]
[White "Kulasekara, D M T Kashyapa"]
[Black "Manish Anto Cristiano F"]
[Result "0-1"]
[ECO "B90"]
[WhiteElo "1904"]
[BlackElo "2280"]
[Annotator "ChessBase"]
[PlyCount "63"]
[EventDate "2019.12.30"]
[EventType "swiss"]
[EventCountry "IND"]
[SourceTitle "playchess.com"]
[Source "ChessBase"]
[SourceQuality "1"]
[TimeControl "40/5400+30:1800+30"]

1. e4 c5 2. Nf3 d6 3. d4 cxd4 4. Nxd4 Nf6 5. Nc3 a6 6. f3 e5 7. Nb3 Be6 8. Be3 h5 9. Qd2 Nbd7 10. Nd5 Bxd5 11. exd5 g6 12. O-O-O Nb6 13. Bxb6 Qxb6 14. Kb1 Rc8 15. c4 Bg7 16. Bd3 O-O 17. h3 Rfe8 18. Rhe1 Qc7 19. g4 e4 20. fxe4 hxg4 21. Qh2 gxh3 22. Qxh3 Nd7 23. Rg1 Ne5 24. Nd4 Nxd3 25. Ne6 Rxe6 26. dxe6 Nxb2 27. e7 f5 28. exf5 Qxe7 29. Rde1 Nxc4 30. Qh7+ Kf8 31. Qh8+ Bxh8 32. fxg6 0-1

[Event "5th EKA IIFL Investment 2019"]
[Site "Mumbai"]
[Date "2020.01.02"]
[Round "4.50"]
[White "Laddha, Shubh Jayesh"]
[Black "Deshpande, Aniruddha"]
[Result "1/2-1/2"]
[ECO "C42"]
[WhiteElo "1975"]
[BlackElo "2275"]
[Annotator "ChessBase"]
[PlyCount "363"]
[EventDate "2019.12.30"]
[EventType "swiss"]
[EventCountry "IND"]
[SourceTitle "playchess.com"]
[Source "ChessBase"]
[SourceQuality "1"]
[TimeControl "40/5400+30:1800+30"]

1. e4 e5 2. Nf3 Nf6 3. Nxe5 d6 4. Nf3 Nxe4 5. Nc3 Nxc3 6. dxc3 Be7 7. Be3 Nc6 8. Bc1 Nb8 9. Be3 Nc6 10. Bc1 Nb8 11. Be3 Nc6 12. Qd2 Be6 13. O-O-O Qd7 14. h4 h6 15. a3 a6 16. Nd4 Bf6 17. Nf3 Be7 18. Nd4 Bf6 19. Nf3 Be7 20. Nd4 Bf6 21. Nf3 Be7 22. Nd4 Bf6 23. Nf3 Be7 24. Nd4 Bf6 25. Nf3 Be7 26. Nd4 Bf6 27. Be2 Be7 28. Bf1 Bf6 29. Be2 Be7 30. Bf1 Bf6 31. Be2 O-O-O 32. Nxc6 Qxc6 33. Bf1 Qd7 34. Be2 Qc6 35. Bf1 Qd7 36. Be2 Qc6 37. Bf1 Qd7 38. Be2 Qc6 39. Bf1 Qd7 40. Be2 Qc6 41. Bf1 Qd7 42. Be2 Qc6 43. Bf3 Qd7 44. Be2 Qc6 45. Bf3 Qd7 46. Be2 Qc6 47. Bf3 Qc4 48. Be2 Qc6 49. Bf3 Qc4 50. Bd5 Bxd5 51. Qxd5 Qxd5 52. Rxd5 Rhe8 53. Rdd1 Rh8 54. Rd5 Rhe8 55. Rdd1 Rh8 56. Rd5 Rhe8 57. Rdd1 Rh8 58. Rd5 Rhe8 59. Rdd1 Rh8 60. Rd5 Rhe8 61. Rdd1 Rh8 62. Rd5 Rhe8 63. Rdd1 Rh8 64. Rd5 Rhe8 65. Rdd1 Rh8 66. Rd5 Rhe8 67. Rdd1 Rh8 68. Rd5 Rhe8 69. Rdd1 Rh8 70. Rd5 Rhe8 71. Rdd1 Rh8 72. Rd5 Rhe8 73. Bd4 Rh8 74. Be3 Rhe8 75. Bd4 Be5 76. Be3 Bf6 77. Bd4 Be5 78. Be3 Bf6 79. Bd4 Be5 80. Be3 Bf6 81. Bd4 Be5 82. Be3 Bf6 83. Bd4 Be5 84. Bxe5 dxe5 85. Rd3 Rd6 86. Rd5 Rdd8 87. Rd3 Rd6 88. Rd5 Rdd8 89. Rd3 Rd6 90. Re1 Kd7 91. g3 Re7 92. Kd2 Re8 93. Kc1 Re7 94. Kd2 Re8 95. Kc1 Re7 96. Kd2 Re8 97. Kc1 Re7 98. Kd2 f5 99. f3 e4 100. fxe4 fxe4 101. Rxd6+ Kxd6 102. Rf1 Kd7 103. Re1 Kd6 104. Rf1 Kd7 105. Re1 Kd6 106. Rf1 Kd7 107. Re1 Kd6 108. Rf1 Kd7 109. Re1 Kd6 110. Rf1 Kd7 111. Re1 Kd6 112. Rf1 Re6 113. Re1 Re7 114. Rf1 Re6 115. Re1 Re7 116. Rf1 Re6 117. Re1 Re7 118. Rf1 Re6 119. Re1 Re7 120. Rf1 Re6 121. Rf4 Re7 122. Rf1 Re6 123. Rf4 Re7 124. Rf1 Re6 125. Rf4 Re7 126. Rf1 Re6 127. Rf4 Re7 128. Rf1 Re6 129. Rf4 Re7 130. Rf1 Re6 131. Rf4 Re7 132. Rf1 Re6 133. Rf4 Re7 134. Rf1 Re6 135. Rf4 Re7 136. Rf1 Re6 137. Rf4 h5 138. g4 hxg4 139. Rxg4 Rf6 140. Rf4 Re6 141. Rg4 Rf6 142. Rf4 Re6 143. Rg4 Rf6 144. Rf4 Re6 145. Rg4 Rf6 146. Rxe4 Rf2+ 147. Kd3 Rh2 148. Rg4 Rf2 149. Re4 Rh2 150. Rg4 b6 151. Rxg7 Rh3+ {[%emt 0:00:00] Rg4 Rh2 Rg7 Rh3+ Rg4 Rh2 Rg7 Rh3+} 152. Kc4 Rxh4+ 153. Kb3 Rf4 {[%emt 0:00:00] Kc4 Rh4+ Kb3 Rf4} 154. Rg2 a5 155. Ka2 Rf3 156. Kb3 Rf4 157. Ka2 Rf3 158. c4 Rf4 159. b3 Kc6 160. Kb2 Rh4 161. Ka2 Rf4 162. Kb2 Rh4 163. Rg6+ {[%emt 0:00:00] Rf4 Rg2 Rh4 Rg6+ Rf4 Rg2 Rh4 Rg6+} Kb7 164. a4 Rf4 165. Rg5 Kc6 166. Rg6+ Kb7 167. Rg5 Kc6 168. Rg6+ Kb7 169. Rg5 c5 170. Rg6 Rf3 171. Rg5 Rf4 172. Rg6 Rf3 173. Kc1 Rf2 174. Kb2 Rf3 175. Kc1 Rf2 176. Kb2 Rh2 177. Rg3 Rf2 178. Rg6 Rh2 179. Rg3 Kc6 180. Kc3 Kd6 181. Kd3 Kc6 182. Rg6+ 1/2-1/2

[Event "5th EKA IIFL Investment 2019"]
[Site "Mumbai"]
[Date "2020.01.02"]
[Round "4.52"]
[White "Rakshitta Ravi"]
[Black "Tiwari, Arjun"]
[Result "0-1"]
[ECO "A04"]
[WhiteElo "2260"]
[BlackElo "2101"]
[Annotator "ChessBase"]
[PlyCount "204"]
[EventDate "2019.12.30"]
[EventType "swiss"]
[EventCountry "IND"]
[SourceTitle "playchess.com"]
[Source "ChessBase"]
[SourceQuality "1"]
[TimeControl "40/5400+30:1800+30"]

1. Nf3 f5 2. d3 Nf6 3. e4 d6 4. exf5 Bxf5 5. d4 Nc6 6. Bd3 Qd7 7. Bxf5 Qxf5 8. O-O O-O-O 9. Re1 e5 10. d5 Nb4 11. c4 g5 12. Re2 Rg8 13. Re1 Rh8 14. Re2 Rg8 15. Re1 Rh8 16. Re2 Rg8 17. Re1 Rh8 18. Re2 Rg8 19. Re1 Rh8 20. Re2 Rg8 21. Re1 Rh8 22. Re2 Rg8 23. Qa4 Rh8 24. Qd1 Rg8 25. Qa4 Rh8 26. Qd1 Rg8 27. Qa4 Rh8 28. Qd1 Rg8 29. Qa4 Rh8 30. Qd1 Rg8 31. Qa4 Rh8 32. Qd1 Rg8 33. Qa4 Nd3 34. Qd1 Nb4 35. Qa4 Nd3 36. Qd1 Nb4 37. Qa4 Nd3 38. Qd1 Nb4 39. Qa4 Nd3 40. Qd1 Nb4 41. Qa4 Nd3 42. Be3 Nb4 43. Bc1 Nd3 44. Be3 Nf4 45. Bc1 Nd3 46. Be3 Nf4 47. Bc1 Nd3 48. Be3 Nf4 49. Bc1 Nd3 50. Be3 Nf4 51. Bc1 Nd3 52. Be3 Nf4 53. Bc1 Nd3 54. Be3 Nf4 55. Bc1 Nd3 56. Be3 Nf4 57. Bc1 Nd3 58. Be3 Nf4 59. Bc1 Nd3 60. Be3 Nf4 61. Bc1 Nd3 62. Be3 Nf4 63. Bc1 Nd3 64. Be3 Nf4 65. Bc1 Nd3 66. Be3 Nf4 67. Bc1 Nd3 68. Be3 Nf4 69. Bxf4 gxf4 70. Nc3 Rxg2+ 71. Kxg2 Qg4+ 72. Kf1 Qxf3 73. Ke1 Qg4 74. Kf1 Qf3 75. Ke1 Qg4 76. Kf1 Qf3 77. Ke1 Qg4 78. Kf1 Qf3 79. Ke1 Qg4 80. Kf1 Qf3 81. Ke1 Qh1+ 82. Kd2 Qxa1 83. Kc2 Qh1 84. Kd2 Qa1 85. Kc2 Qh1 86. Kd2 Qa1 87. Kc2 Qf1 88. Qxa7 f3 89. Rd2 Qxc4 90. Qa8+ Kd7 91. Qxb7 Bh6 92. Rd1 Bf8 93. Rd2 Bh6 94. Rd1 Qc5 95. Rd2 Qc4 96. Rd1 Qc5 97. Rd2 Qc4 98. Rd1 Qc5 99. Rd2 Qc4 100. Rd1 Qc5 101. Qa6 Qxf2+ 102. Kb1 Rb8 {[%emt 0:00:16] Kc2 Rd8+ Kb1 Rb8} 0-1

[Event "5th EKA IIFL Investment 2019"]
[Site "Mumbai"]
[Date "2020.01.02"]
[Round "4.53"]
[White "Sapaev, Maksad"]
[Black "Jay Kundaliya"]
[Result "1-0"]
[ECO "B92"]
[WhiteElo "2250"]
[BlackElo "2088"]
[Annotator "ChessBase"]
[PlyCount "62"]
[EventDate "2019.12.30"]
[EventType "swiss"]
[EventCountry "IND"]
[SourceTitle "playchess.com"]
[Source "ChessBase"]
[SourceQuality "1"]
[TimeControl "40/5400+30:1800+30"]

1. e4 c5 2. Nf3 d6 3. d4 cxd4 4. Nxd4 Nf6 5. Nc3 a6 6. Be2 e5 7. Nb3 Be7 8. O-O Be6 9. f4 Qc7 10. Nd5 Nxd5 11. exd5 Bc8 12. c4 b6 13. Be3 exf4 14. Bxf4 Nd7 15. Nd4 Ne5 16. Rc1 Bd7 17. Kh1 O-O 18. b4 a5 19. b5 Rae8 20. Kg1 Ra8 21. Kh1 Rae8 22. Kg1 Ra8 23. Kh1 Rae8 24. Nc6 Bf6 25. Bg3 Bc8 26. Rxf6 gxf6 27. Bh4 Kg7 28. Bg3 Kg8 29. Bh4 Kg7 30. Bd3 f5 31. Qh5 Nxd3 1-0

[Event "5th EKA IIFL Investment 2019"]
[Site "Mumbai"]
[Date "2020.01.02"]
[Round "4.54"]
[White "Panesar Vedant"]
[Black "Thipsay, Bagyashree Sathe"]
[Result "1/2-1/2"]
[ECO "E09"]
[WhiteElo "2247"]
[BlackElo "2087"]
[Annotator "ChessBase"]
[PlyCount "80"]
[EventDate "2019.12.30"]
[EventType "swiss"]
[EventCountry "IND"]
[SourceTitle "playchess.com"]
[Source "ChessBase"]
[SourceQuality "1"]
[TimeControl "40/5400+30:1800+30"]

1. d4 d5 2. Nf3 Nf6 3. c4 e6 4. g3 Bb4+ 5. Bd2 Be7 6. Bg2 O-O 7. O-O c6 8. Qc2 Nbd7 9. Bf4 Nh5 10. Bc1 Nhf6 11. Nbd2 b6 12. e4 Bb7 13. b3 c5 14. exd5 exd5 15. Bb2 dxc4 16. Nxc4 cxd4 17. Nxd4 Bxg2 18. Kxg2 Rc8 19. Rad1 Qc7 20. Qf5 Qb7+ 21. Qf3 Qxf3+ 22. Kxf3 Rfd8 23. Nf5 Bf8 24. g4 Ne8 25. Bxg7 Rxc4 26. bxc4 Bxg7 27. Kg2 Bf6 28. f4 Ng7 29. Ne3 Kf8 30. Nd5 Be7 31. Nxe7 Kxe7 32. Rfe1+ Kf8 33. f5 f6 34. Re3 Re8 35. Ra3 Ne5 36. Kg3 Re7 37. c5 bxc5 38. Ra6 Ne8 39. Rd8 Kf7 40. Rc8 c4 1/2-1/2

[Event "5th EKA IIFL Investment 2019"]
[Site "Mumbai"]
[Date "2020.01.02"]
[Round "4.55"]
[White "Kumar, Gaurav"]
[Black "Utsab Chatterjee"]
[Result "1/2-1/2"]
[ECO "B94"]
[WhiteElo "2075"]
[BlackElo "2200"]
[Annotator "Suhas,Vivek"]
[PlyCount "78"]
[EventDate "2019.12.30"]
[EventType "swiss"]
[EventCountry "IND"]
[TimeControl "40/5400+30:1800+30"]

1. e4 c5 2. Nf3 d6 3. d4 cxd4 4. Nxd4 Nf6 5. Nc3 a6 6. Bg5 Nbd7 7. Qe2 b5 8. O-O-O Bb7 9. f4 e5 10. Nf5 Qc7 11. Nd5 Nxd5 12. exd5 h6 13. Bh4 g6 14. fxe5 dxe5 15. d6 Qc5 16. Ne7 Qb4 17. Be1 Qf4+ 18. Kb1 Bxe7 19. dxe7 Rc8 20. g3 Qc4 21. Qd2 Qd4 22. Qxd4 exd4 23. Rg1 Be4 24. Rxd4 Bxc2+ 25. Ka1 Bf5 26. Bc3 Kxe7 27. Bg2 Nc5 28. Re1+ Be6 29. Rf4 Nd3 30. Bf6+ Kf8 31. Bb7 Rb8 32. Bxh8 Nxe1 33. Bxa6 Rb6 34. Bc3 Ng2 35. Rf2 Rxa6 36. Rxg2 Rxa2+ 37. Kb1 Ra4 38. h4 Ke7 39. Rd2 Bc4 1/2-1/2

[Event "5th EKA IIFL Investment 2019"]
[Site "Mumbai"]
[Date "2020.01.02"]
[Round "4.56"]
[White "Praveen Kumar C"]
[Black "Nikhil Magizhnan"]
[Result "0-1"]
[ECO "E06"]
[WhiteElo "2199"]
[BlackElo "2077"]
[Annotator "ChessBase"]
[PlyCount "76"]
[EventDate "2019.12.30"]
[EventType "swiss"]
[EventCountry "IND"]
[SourceTitle "playchess.com"]
[Source "ChessBase"]
[SourceQuality "1"]
[TimeControl "40/5400+30:1800+30"]

1. d4 Nf6 2. c4 e6 3. g3 d5 4. Nf3 Be7 5. Bg2 O-O 6. Qc2 c5 7. O-O Nc6 8. dxc5 d4 9. a3 a5 10. Rd1 Bxc5 11. e3 e5 12. Nc3 Bg4 13. e4 Qe7 14. Nd5 Qd6 15. h3 Bxf3 16. Bxf3 Nxd5 17. cxd5 Ne7 18. Qd3 Kh8 19. Bd2 a4 20. Rac1 b6 21. Qb5 f5 22. Bb4 f4 23. Bg2 Rfc8 24. Bxc5 bxc5 25. gxf4 Ng6 26. fxe5 Qxe5 27. d6 Nf4 28. d7 Rc7 29. Rc3 Rd8 30. Rf3 Rcxd7 31. Qxa4 Qg5 32. Rg3 Ne2+ 33. Kh2 Nxg3 34. fxg3 d3 35. Qc6 d2 36. a4 Qh5 37. g4 Qe5+ 38. Kh1 Qg3 0-1

[Event "5th EKA IIFL Investment 2019"]
[Site "Mumbai"]
[Date "2020.01.02"]
[Round "4.57"]
[White "Aradhya, Garg"]
[Black "Gaikwad, Siddhant"]
[Result "1-0"]
[ECO "B52"]
[WhiteElo "2197"]
[BlackElo "2028"]
[Annotator "ChessBase"]
[PlyCount "53"]
[EventDate "2019.12.30"]
[EventType "swiss"]
[EventCountry "IND"]
[SourceTitle "playchess.com"]
[Source "ChessBase"]
[SourceQuality "1"]
[TimeControl "40/5400+30:1800+30"]

1. e4 c5 2. Nf3 d6 3. Bb5+ Bd7 4. Bxd7+ Nxd7 5. O-O Ngf6 6. Qe2 Rc8 7. c3 e6 8. d4 cxd4 9. cxd4 d5 10. e5 Ne4 11. Nbd2 Nxd2 12. Bxd2 Be7 13. Qb5 Qb6 14. a4 a6 15. Qd3 Nb8 16. h4 h6 17. g4 Qd8 18. Kg2 h5 19. gxh5 Bxh4 20. Rh1 Rxh5 21. Qb3 b6 22. Nxh4 Rxh4 23. Qg3 Rxh1 24. Rxh1 Kd7 25. Rh7 Rc7 26. Qxg7 Qe7 27. Bg5 1-0

[Event "5th EKA IIFL Investment 2019"]
[Site "Mumbai"]
[Date "2020.01.02"]
[Round "4.58"]
[White "Dere Pushkar"]
[Black "Masango, Spencer"]
[Result "1/2-1/2"]
[ECO "C47"]
[WhiteElo "2061"]
[BlackElo "2181"]
[Annotator "ChessBase"]
[PlyCount "73"]
[EventDate "2019.12.30"]
[EventType "swiss"]
[EventCountry "IND"]
[SourceTitle "playchess.com"]
[Source "ChessBase"]
[SourceQuality "1"]
[TimeControl "40/5400+30:1800+30"]

1. e4 e5 2. Nf3 Nc6 3. Nc3 Nf6 4. a3 d5 5. Bb5 dxe4 6. Nxe5 Bd7 7. Bxc6 Bxc6 8. Qe2 Bd6 9. Nxc6 bxc6 10. Nxe4 O-O 11. Nxd6 Qxd6 12. d3 Rfe8 13. Be3 Nd5 14. O-O Qe5 15. c3 Nxe3 16. fxe3 Qxe3+ 17. Qxe3 Re5 18. Qe4 Rxe4 19. Rad1 Re3 20. Rde1 Rae8 21. Kf2 Rxe1 22. Rxe1 Rxe1 23. Kxe1 f5 24. Kf2 g5 25. Ke3 Kf7 26. b4 Ke6 27. Kd4 Kd6 28. h3 h6 29. c4 Ke6 30. a4 Kd6 31. g3 Ke6 32. Ke3 Ke5 33. d4+ Ke6 34. Kf3 Kd6 35. Ke3 Ke6 36. Kf3 Kd6 37. Ke3 {Ke5 Ke4+} 1/2-1/2

[Event "5th EKA IIFL Investment 2019"]
[Site "Mumbai"]
[Date "2020.01.02"]
[Round "4.59"]
[White "Mahindrakar Indrajeet"]
[Black "Thanki, Hemal Karsanji"]
[Result "0-1"]
[ECO "B22"]
[WhiteElo "2042"]
[BlackElo "2164"]
[Annotator "ChessBase"]
[PlyCount "82"]
[EventDate "2019.12.30"]
[EventType "swiss"]
[EventCountry "IND"]
[SourceTitle "playchess.com"]
[Source "ChessBase"]
[SourceQuality "1"]
[TimeControl "40/5400+30:1800+30"]

1. e4 c5 2. c3 Nf6 3. e5 Nd5 4. d4 cxd4 5. Qxd4 e6 6. Bd3 Nc6 7. Qe4 f5 8. Qe2 d6 9. Nf3 dxe5 10. Nxe5 Nxe5 11. Qxe5 Qf6 12. Bb5+ Kf7 13. Qe2 Bd6 14. O-O Rd8 15. Rd1 Bd7 16. Bxd7 Rxd7 17. c4 Nb6 18. Nc3 Rad8 19. Rxd6 Rxd6 20. c5 Qxc3 21. cxd6 Qd4 22. g3 Qxd6 23. Bf4 Qd7 24. Rc1 Nd5 25. Be5 Rc8 26. Re1 Rc6 27. h4 Kg8 28. h5 h6 29. Rd1 a6 30. b4 b5 31. Kg2 Rc4 32. a3 Re4 33. Qb2 Ne3+ 34. fxe3 Qxd1 35. Bd4 Qxh5 36. Qc2 e5 37. Bc5 Rc4 38. Qd3 Qg4 39. Qd5+ Kh7 40. Qxe5 Rc2+ 41. Kg1 Qd1# 0-1

[Event "5th EKA IIFL Investment 2019"]
[Site "Mumbai"]
[Date "2020.01.02"]
[Round "4.60"]
[White "Chitlange Sakshi"]
[Black "Anadkat Kartavya"]
[Result "0-1"]
[ECO "A88"]
[WhiteElo "2163"]
[BlackElo "2023"]
[Annotator "ChessBase"]
[PlyCount "96"]
[EventDate "2019.12.30"]
[EventType "swiss"]
[EventCountry "IND"]
[SourceTitle "playchess.com"]
[Source "ChessBase"]
[SourceQuality "1"]
[TimeControl "40/5400+30:1800+30"]

1. d4 f5 2. Nf3 Nf6 3. g3 g6 4. Bg2 Bg7 5. O-O O-O 6. c4 d6 7. Nc3 c6 8. Re1 Qe8 9. b3 Ne4 10. Bb2 Nxc3 11. Bxc3 Nd7 12. e4 f4 13. e5 dxe5 14. dxe5 Nc5 15. b4 Ne6 16. Qb3 Qf7 17. Re4 a5 18. Rd1 axb4 19. Bxb4 b6 20. g4 c5 21. Bc3 Bb7 22. Ree1 Rfb8 23. Rd7 Bc8 24. Rd2 Qe8 25. Qd1 Bb7 26. Rb2 Bc6 27. Qb1 Ra6 28. Rd1 Qc8 29. h3 Qb7 30. Ne1 Bxg2 31. Nxg2 Ng5 32. Qd3 Ra3 33. Nxf4 Rxc3 34. Qxc3 Bxe5 35. Qc2 Bxf4 36. Qd3 Nf3+ 37. Kf1 Nd4 38. Kg1 Rd8 39. Qb1 Nf3+ 40. Kf1 Nd2+ 41. Kg1 Nxb1 42. Rxd8+ Kf7 43. Rxb1 Bd6 44. Re1 Qf3 45. Re3 Qf4 46. Rc3 Be5 47. Re3 Bd4 48. Re2 Qf3 0-1